 Dungeon Crawl Stone Soup version 0.30-a0-779-g7971cf19c3 (webtiles) character file.

Game seed: 9821112652268378231

4 Zonian the Sneak (level 1, -1/11 HPs)
             Began as a Vine Stalker Brigand on Feb 17, 2023.
             Slain by a kobold
             ... wielding a +0 short sword
              (3 damage)
             ... on level 1 of the Dungeon.
             The game lasted 00:00:15 (55 turns).

Zonian the Sneak (Vine Stalker Brigand)               Turns: 55, Time: 00:00:15

Health: -1/11      AC:  3    Str: 13    XL:     1   Next: 70%
Magic:  0/2        EV: 11    Int: 11    God:
Gold:   0          SH:  0    Dex: 15    Spells: 0/0 levels left

rFire   . . .      SeeInvis .    a - +2 dagger
rCold   . . .      Faith    .    (no shield)
rNeg    . . .      Spirit   +    b - +0 robe
rPois   .          Reflect  .    (no helmet)
rElec   .          Harm     .    c - +0 cloak
rCorr   .          Rampage  .    (no gloves)
Will    .....                    (no boots)
Stlth   +++                      (no amulet)
HPRegen 0.21/turn                (no ring)
MPRegen 0.08/turn                (no ring)

@: no status effects
A: fangs 2, magic shield, antimagic bite, no potion heal 2
a: no special abilities


You were on level 1 of the Dungeon.
You visited 1 branch of the dungeon, and saw 1 of its levels.

Inventory:

Hand Weapons
 a - a +2 dagger (weapon)
Missiles
 d - 9 poisoned darts (quivered)
 e - 2 curare-tipped darts
Armour
 b - a +0 robe (worn)
 c - a +0 cloak (worn)


   Skills:
 + Level 1.8 Fighting
 + Level 1.8 Short Blades
 + Level 1.8 Throwing
 + Level 0.9 Dodging
 + Level 4.9 Stealth


You couldn't memorise any spells.
You didn't know any spells.
Your spell library was empty.

Dungeon Overview and Level Annotations

Branches:
Dungeon (1/15)

Altars:


Innate Abilities, Weirdness & Mutations

You have extremely sharp teeth.
When hurt, damage is shared between your health and your magic reserves.
Your bite disrupts and absorbs the magic of your enemies.
Potions cannot restore your health.


Message History

You hit the dart slug. You bite the dart slug. You drain its power.
The dart slug is severely wounded.
The dart slug completely misses you.
You hit the dart slug.
You kill the dart slug!
You see here a fuming inky potion.
The kobold throws a stone.
The stone barely misses you. The kobold hits you with a +0 club.
You barely miss the kobold. You bite the kobold.
You kill the kobold!
You hit the hobgoblin. You bite the hobgoblin. You drain its power.
The hobgoblin is severely wounded.
The hobgoblin barely misses you.
You closely miss the hobgoblin. Your bite misses the hobgoblin.
The hobgoblin is severely wounded.
The hobgoblin hits you.
A kobold comes into view. It is wielding a +0 short sword.
The kobold shouts!
You hit the hobgoblin but do no damage. You bite the hobgoblin.
You kill the hobgoblin!
The kobold drinks a potion.
The kobold seems to speed up.
Things that are here:
a +0 club; 4 stones; a kobold corpse The kobold hits you but does no damage.
You hit the kobold but do no damage.
The kobold hits you with a +0 short sword. x2
You are too injured to fight recklessly!
You are too injured to fight recklessly!
Unknown command.
You hit the kobold but do no damage.
The kobold hits you with a +0 short sword.
* * * LOW HITPOINT WARNING * * *
Throw: 3 darts (curare)
Press: ? - help, Shift-Dir - straight line, f - kobold
Aim: a kobold, wielding a +0 short sword (fast, 50% to hit)
You throw a curare-tipped dart.
The curare-tipped dart barely misses the kobold.
The kobold hits you but does no damage.
The kobold hits you with a +0 short sword.
You die...

.. #.. .## #.. #..
. #... ..# .#
#...##### ..##.#.
###....####..(....
#~#..............#
#####...##..K....#
#...##.###.@#.....
+.>.'..##†).# ...#
#...#####.### ..#
###.### #...# ..
#D#.#^# #!..# #
#####.### #.#...#
#^#...#^#
#.##.....
###.##### ..#
..... #~#.#^# ...
...#


You could see a kobold (fast).

Vanquished Creatures
  A dart slug (D:1)
  A hobgoblin (D:1)
  A kobold (D:1)
3 creatures vanquished.

Notes
Turn   | Place    | Note
-------+----------+-------------------------------------------
     0 | D:1      | Zonian the Vine Stalker Brigand began the quest for the
                  | Orb.
     0 | D:1      | Reached XP level 1. HP: 11/11 MP: 2/2
     0 | D:1      | Noticed a tentacled monstrosity
     0 | D:1      | Noticed a tentacled monstrosity
     1 | D:1      | Noticed an iron dragon
     3 | D:1      | Noticed an ice dragon
     3 | D:1      | Noticed an iron dragon
     5 | D:1      | Noticed a black draconian
     7 | D:1      | Noticed an ice dragon
     8 | D:1      | Noticed a tentacled monstrosity
     9 | D:1      | Noticed a tentacled monstrosity
    11 | D:1      | Noticed a large abomination
    11 | D:1      | Noticed a golden dragon
    13 | D:1      | Noticed a green draconian
    13 | D:1      | Noticed a tentacled monstrosity
    15 | D:1      | Noticed an iron dragon
    15 | D:1      | Noticed a shadow dragon
    55 | D:1      | Slain by a kobold

Illustrated notes

Levels and vault maps discovered:
D:1:      shiori_arrival_whats_in_store_for_you, layout_loops_cross,
          serial_shops, shop, hangedman_abyss_or_decor_lesser_grid,
          minmay_hedge_maze, nicolae_shop_unique_rings,
          minmay_misc_feat_nine_boxes

Action                     || total
---------------------------++-------
  Melee: Dagger            ||     8
         Bite              ||     4
  Throw: Dart              ||     1
 Armour: Robe              ||     3
  Dodge: Dodged            ||     3

Table legend: (Time is in decaauts)
 A = Elapsed time spent in this place.
 B = Non-inter-level travel time spent in this place.
 C = Inter-level travel time spent in this place.
 D = Time resting spent in this place.
 E = Time spent auto-exploring this place.
 F = Levels seen in this place.
 G = Mean time per level.
                   A        B        C        D        E       F      G
               +--------+--------+--------+--------+--------+-----+--------+
         Total |     54 |     54 |      0 |      0 |     35 |   1 |   54.0 |
       Dungeon |     54 |     54 |      0 |      0 |     35 |   1 |   54.0 |
               +--------+--------+--------+--------+--------+-----+--------+

Top non-repeatable levels by time:
     D:1: 54 daAuts
